 Dungeon Crawl Stone Soup version 0.30-a0-585-g93115170b9 (webtiles) character file.

Game seed: 3074942125133543892

212 arthad the Caller (level 5, -4/21 HPs)
             Began as a Felid Summoner on Jan 2, 2023.
             Was an Initiate of Gozag.
             Killed by divine providence
             ... invoked by an orc priest
              (13 damage)
             ... on level 4 of the Dungeon.
             The game lasted 00:16:59 (4147 turns).

arthad the Caller (Felid Summoner)                  Turns: 4147, Time: 00:17:00

Health: -4/21      AC:  1    Str:  4    XL:     5   Next: 58%
Magic:  10/12      EV: 17    Int: 18    God:    Gozag
Gold:   299        SH:  0    Dex: 17    Spells: 3/12 levels left
                                        Lives:  0   Deaths: 1

rFire   . . .      SeeInvis +    (weapon unavailable)
rCold   . . .      Faith    .    (shield unavailable)
rNeg    . . .      Spirit   .    (body armour unavailable)
rPois   .          Reflect  .    (helmet unavailable)
rElec   .          Harm     .    (cloak unavailable)
rCorr   .          Rampage  .    (gloves unavailable)
Will    +....                    (boots unavailable)
Stlth   ++                       (no amulet)
HPRegen 0.23/turn                n - ring of willpower
MPRegen 0.13/turn                (no ring)

@: gold aura, quick
A: very small, claws 1, fangs 3, see invisible, speed 1, shaggy fur 1, stealthy
paws, no weapons or thrown items, no armour, multi-lived
a: Renounce Religion, Potion Petition, Call Merchant, Bribe Branch


You were on level 4 of the Dungeon.
You worshipped Gozag.
Gozag was aware of your devotion.
You visited 1 branch of the dungeon, and saw 4 of its levels.

You collected 344 gold pieces.
You paid 45 gold pieces to Gozag.

Inventory:

Jewellery
 n - a ring of willpower (left paw)
Wands
 s - a wand of light (14)
Scrolls
 b - 2 scrolls of identify {unknown}
 c - a scroll of fear {unknown}
 d - 2 scrolls of magic mapping {unknown}
 e - 2 scrolls of teleportation {unknown}
 g - a scroll of enchant armour {unknown}
 i - 2 scrolls of enchant weapon {unknown}
 k - 3 scrolls of vulnerability {unknown}
 l - a scroll of amnesia {unknown}
 t - a scroll of brand weapon {unknown}
 v - a scroll of blinking {unknown}
Potions
 a - a potion of magic
 f - a potion of degeneration {unknown}
 h - a potion of invisibility {unknown}
 j - 4 potions of attraction {unknown}
 m - a potion of brilliance {unknown}
 o - 3 potions of heal wounds {unknown}
 p - a potion of flight {unknown}
 q - a potion of haste {unknown}
 r - a potion of resistance {unknown}
 u - a potion of lignification {unknown}
 w - a potion of ambrosia {unknown}


   Skills:
 + Level 0.3 Fighting
 + Level 2.9 Dodging
 - Level 2.6 Stealth
 * Level 4.2 Spellcasting
 * Level 1.4 Hexes
 * Level 5.7 Summonings


You had 3 spell levels left.
You knew the following spells:

 Your Spells              Type           Power      Damage    Failure   Level
a - Summon Small Mammal   Summ           96%        N/A       1%          1
b - Call Imp              Summ           24%        N/A       1%          2
c - Call Canine Familiar  Summ           24%        N/A       4%          3
d - Summon Guardian Gole  Hex/Summ       16%        N/A       10%         3

Your spell library contained the following spells:

 Spells                   Type           Power      Damage    Failure   Level
 Ensorcelled Hibernation  Hex/Ice        12%        N/A       16%         2
 Passwall                 Tmut/Erth      2%         N/A       22%         2
 Swiftness                Air            3%         N/A       41%         3
 Summon Lightning Spire   Summ/Air       14%        N/A       41%         4


Dungeon Overview and Level Annotations

Branches:
Dungeon (4/15)
 Temple: D:4-7

Altars:
Fedhas
Gozag
Uskayaw


Innate Abilities, Weirdness & Mutations

You have sharp claws.
You have razor-sharp teeth.
You have supernaturally acute eyesight. (SInv)
You cover ground quickly. (Speed+)
You are covered in fur. (AC +1)
Your paws help you pounce on unaware monsters.
You are incapable of wielding weapons or throwing items.
You cannot wear armour.
You gain extra lives every three experience levels.


Message History

t - Meow!
Orders for allies: a - Attack new target. r - Retreat! s - Stop attacking. g - Guard the area. f - Follow me.
Anything else - Cancel.
Gang up on whom?
Press: ? - help, Dir - move target, f - orc priest
Aim: an orc priest, wielding a +0 mace (ally target) Attack!
Aiming: Bolt of Light
Press: ? - help, Shift-Dir - straight line, f/p - orc priest
Aim: an orc priest, wielding a +0 mace (ally target, 71% to hit)
The bolt of light hits the orc priest!
The orc priest is almost dead.
The orc priest is blinded.
The orc priest shouts!
The orc priest mumbles some strange prayers to Beogh against you.
Your hound writhes in agony!
Your hound closely misses the orc priest.
Your hound closely misses the orc priest.
Your quokka bites the orc priest.
The orc priest dies!
What are your orders? t - Meow!
Orders for allies: a - Attack new target. r - Retreat! s - Stop attacking. g - Guard the area. f - Follow me.
Anything else - Cancel.
Gang up on whom?
Press: ? - help, Dir - move target, f - orc priest
Aim: an orc priest, wielding a +0 hand axe Attack!
The orc priest mumbles some strange prayers to Beogh against you.
Beogh smites you!
Ouch! That really hurt!
The orc priest mumbles some strange prayers to Beogh against you.
Beogh smites you!
Ouch! That really hurt!
You die...
Your body crumbles into a pile of gold.

#. #.# .####.# #.#
......## #.# ###.......
......#####.# # #........#
#..##....5..# #.#....o...#
#..##..######
#.#.......o#####..##..## $
....o$...hr.5r...##...#
#.§r..<...o..@$).....#
.###.........###...##..#.#
...$.)......# #...##.###.#
#####.<.###.####...#.##
#.# #####........$......#
#.# ........###.#####....
## #####.#.....# #####.
#.#..#### #. #.#..#


You could see an orc priest (ally target), an orc, a friendly hound (summoned),
a friendly white imp (summoned) and 2 friendly quokkas.

Vanquished Creatures
  Natasha (D:2)
  An adder (D:3)
  A dart slug (D:2)
  2 ball pythons
  A jackal (D:1)
  A quokka (D:3)
  2 bats (D:1)
  A kobold (D:1)
10 creatures vanquished.

Vanquished Creatures (collateral kills)
  An orc priest (D:4)
  Natasha (twice) (D:2)
  7 adders
  2 worms
  2 dart slugs
  5 orcs
  10 endoplasms
  2 giant cockroaches
  10 goblins
  3 hobgoblins
  7 jackals
  4 quokkas
  3 ball pythons
  6 frilled lizards
  4 kobolds
  5 rats
  3 butterflies (D:1)
76 creatures vanquished.

Vanquished Creatures (others)
  2 fungi (D:1)
  2 plants (D:1)
4 creatures vanquished.

Grand Total: 90 creatures vanquished

Notes
Turn   | Place    | Note
-------+----------+-------------------------------------------
     0 | D:1      | arthad the Felid Summoner began the quest for the Orb.
     0 | D:1      | Reached XP level 1. HP: 7/7 MP: 4/4
   437 | D:1      | Reached XP level 2. HP: 11/11 MP: 1/6
   772 | D:1      | Learned a level 2 spell: Call Imp
   918 | D:1      | Reached XP level 3. HP: 14/14 MP: 2/8
   977 | D:1      | Found a faded altar of an unknown god.
  1205 | D:2      | Found a blossoming altar of Fedhas.
  1583 | D:2      | Noticed Natasha
  1599 | D:2      | Killed Natasha
  1600 | D:2      | Reached XP level 4. HP: 18/18 MP: 1/9
  1689 | D:2      | Reached skill level 5 in Summonings
  1796 | D:2      | Noticed Natasha
  1809 | D:2      | Killed Natasha
  1904 | D:2      | Noticed Natasha
  1933 | D:2      | Slain by a crimson imp
  1934 | D:2      | Reached XP level 3. HP: 0/14 MP: 8/9
  2251 | D:2      | Killed Natasha
  2252 | D:2      | Reached XP level 4. HP: 13/18 MP: 4/10
  2861 | D:3      | Found a hide-covered altar of Uskayaw.
  2868 | D:3      | Found an opulent altar of Gozag.
  2877 | D:3      | Became a worshipper of Gozag Ym Sagoz the Greedy
  3230 | D:3      | Reached XP level 5. HP: 21/21 MP: 10/12
  3242 | D:3      | Learned a level 3 spell: Call Canine Familiar
  3246 | D:3      | Learned a level 3 spell: Summon Guardian Golem
  4131 | D:4      | Reached skill level 1 in Hexes
  4147 | D:4      | Killed from afar by an orc priest

Illustrated notes

Levels and vault maps discovered:
D:1:      spicycebolla_arrival_clurvy, layout_rooms,
          chequers_ecumenical_altar_lobes, minmay_heptomino_o4
D:2:      wander_river, layout_basic, basic_altar, minmay_split_cup_small,
          uniq_natasha
D:3:      layout_loops_corners, mainiacjoe_overflow_tiny_flanked,
          nicolae_gozag_seed_capital
D:4:      layout_loops_ring, gammafunk_ghost_abyssal_escape, uniq_robin,
          uniq_eustachio

Skill      XL: |  1  2  3  4  5 |
---------------+----------------+-----
Spellcasting   | 3 4 |  4.2
Summonings     | 5 |  5.7
Hexes          | 1 |  1.4
Fighting       | |  0.3
Dodging        | |  2.9
Stealth        | |  2.6

Action                   |  1- 3 |  4- 6 || total
-------------------------+-------+-------++-------
Melee: Unarmed           |    41 |    23 ||    64
       Bite              |     6 |     3 ||     9
       Punch             |     1 |       ||     1
 Cast: Summon Small Mamm |    65 |    66 ||   131
       Call Imp          |    11 |    21 ||    32
       Call Canine Famil |       |     1 ||     1
Evoke: Wand              |       |     1 ||     1
Armor: Skin              |     6 |     2 ||     8
Dodge: Dodged            |    45 |    16 ||    61

Table legend: (Time is in decaauts)
 A = Elapsed time spent in this place.
 B = Non-inter-level travel time spent in this place.
 C = Inter-level travel time spent in this place.
 D = Time resting spent in this place.
 E = Time spent auto-exploring this place.
 F = Levels seen in this place.
 G = Mean time per level.
                   A        B        C        D        E       F      G
               +--------+--------+--------+--------+--------+-----+--------+
         Total |   3726 |   3633 |     93 |    212 |   2530 |   4 |  931.5 |
       Dungeon |   3726 |   3633 |     93 |    212 |   2530 |   4 |  931.5 |
               +--------+--------+--------+--------+--------+-----+--------+

Top non-repeatable levels by time:
     D:2: 1287 daAuts
     D:3: 1275 daAuts
     D:1: 1058 daAuts
     D:4: 105 daAuts
